 Dungeon Crawl Stone Soup version 0.22-a0-181-gb22368a (webtiles) character file.

6762 Kikal the Gouger (level 10, -20/44 HPs)
             Began as a Felid Venom Mage on Feb 11, 2018.
             Was a High Priest of Lugonu.
             Demolished by an orc warlord
             ... wielding a +0 battleaxe
              (36 damage)
             ... on level 2 of the Orcish Mines on Feb 14, 2018.
             The game lasted 01:37:03 (22433 turns).

Kikal the Gouger (Felid Venom Mage)                Turns: 22433, Time: 01:37:03

Health: -20/44     AC:  2    Str:  5    XL:     10   Next: 75%
Magic:  4/18       EV: 24    Int: 24    God:    Lugonu [*****.]
Gold:   1144       SH:  0    Dex: 16    Spells: 5/19 levels left
                                        Lives:  0   Deaths: 2

rFire    . . .     SeeInvis +     - Unarmed
rCold    + . .     Gourm    .   (shield unavailable)
rNeg     + . .     Faith    .   (armour unavailable)
rPois    +         Spirit   .   (helmet unavailable)
rElec    .         Reflect  .   (cloak unavailable)
rCorr    .         Harm     .   (gloves unavailable)
MR       ++...                  (boots unavailable)
Stlth    +++++.....             (no amulet)
HPRegen  0.14/turn              F - ring of positive energy
MPRegen  0.16/turn              x - ring of the Final Decision {rPois rC+ MR+ Int+4 SInv}

@: quick
A: very small, no armour, no weapons or thrown items, stealth, claws 1, fangs 3,
see invisible, carnivore, speed 1, shaggy fur 2, slow metabolism 1, sharp paws
a: Depart the Abyss, Bend Space, Banish, Corrupt, Enter the Abyss, Renounce
Religion


You were on level 2 of the Orcish Mines.
You worshipped Lugonu.
Lugonu was extremely pleased with you.
You were not hungry.

You visited 4 branches of the dungeon, and saw 14 of its levels.

You collected 1144 gold pieces.

Inventory:

Jewellery
 i - an uncursed ring of flight
 x - the ring of the Final Decision (right paw) {rPois rC+ MR+ Int+4 SInv}
   (You found it on level 8 of the Dungeon)

   [ring of protection from magic]

   It affects your intelligence (+4).
   It protects you from cold.
   It protects you from poison.
   It affects your resistance to hostile enchantments.
   It lets you see invisible.
 E - a +2 ring of intelligence
 F - a ring of positive energy (left paw)
Wands
 q - a wand of paralysis (19)
 r - a wand of polymorph (11)
 B - a wand of flame (24)
Scrolls
 d - 4 scrolls of identify
 f - a scroll of enchant armour {unknown}
 k - 4 scrolls of remove curse
 l - 2 scrolls of amnesia
 m - 2 scrolls of magic mapping
 p - a scroll of immolation {unknown}
 t - a scroll of brand weapon {unknown}
 v - 2 scrolls of noise {unknown}
 y - a scroll of enchant weapon {unknown}
Potions
 c - 3 potions of agility
 e - a potion of resistance {unknown}
 g - a potion of flight {unknown}
 h - 2 potions of might
 j - a potion of heal wounds
 n - 3 potions of ambrosia
 s - 2 potions of lignification {unknown}
 u - 2 potions of invisibility
 w - a potion of mutation {unknown}
 z - a potion of magic {unknown}
 C - a potion of haste
 D - 2 potions of curing
Books
 a - a Young Poisoner's Handbook

   Spells                             Type                      Level
   a - Sting                          Conjuration/Poison           1
   b - Poisonous Vapours              Poison/Air                   2
   c - Mephitic Cloud                 Conjuration/Poison/Air       3
   d - Olgreb's Toxic Radiance        Poison                       4
   e - Venom Bolt                     Conjuration/Poison           5
 A - a book of Debilitation

   Spells                             Type                      Level
   a - Corona                         Hexes                        1
   b - Slow                           Hexes                        2
   c - Inner Flame                    Hexes/Fire                   3
   d - Portal Projectile              Hexes/Translocation          3
   e - Cause Fear                     Hexes                        4
   f - Leda's Liquefaction            Hexes/Earth                  4
 G - a book of Flames

   Spells                             Type                      Level
   a - Flame Tongue                   Conjuration/Fire             1
   b - Throw Flame                    Conjuration/Fire             2
   c - Conjure Flame                  Conjuration/Fire             3
   d - Inner Flame                    Hexes/Fire                   3
   e - Sticky Flame                   Conjuration/Fire             4
   f - Fireball                       Conjuration/Fire             5
Comestibles
 b - 16 rations


   Skills:
 - Level 5.3 Fighting
 + Level 8.9 Dodging
 - Level 10.0 Stealth
 - Level 10.0 Unarmed Combat
 - Level 5.0 Spellcasting
 + Level 5.9 Conjurations
 + Level 4.3 Fire Magic
 - Level 3.5 Air Magic
 - Level 6.5 Poison Magic
 - Level 6.7 Invocations


You had 5 spell levels left.
You knew the following spells:

 Your Spells              Type           Power        Failure   Level  Hunger
a - Sting                 Conj/Pois      ####         1%          1    None
b - Poisonous Vapours     Pois/Air       ####..       1%          2    None
c - Mephitic Cloud        Conj/Pois/Air  ####....     3%          3    ##.....
d - Olgreb's Toxic Radia  Pois           #####...     6%          4    ####...
e - Sticky Flame          Conj/Fire      ####....     11%         4    ####...


Dungeon Overview and Level Annotations

Branches:
Dungeon (10/15)            Temple (1/1) D:7            Lair (1/6) D:10
    Orc (2/2) D:9
    Elf: Orc:2

Altars:
Ashenzari
Cheibriados
Dithmenos
Elyvilon
Fedhas
Gozag
Hepliaklqana
Kikubaaqudgha
Makhleb
Nemelex Xobeh
Okawaru
Qazlal
Ru
Sif Muna
Trog
Uskayaw
Vehumet
Wu Jian
Xom
Yredelemnul
Zin
The Shining One
Beogh
Lugonu

Shops:
D:5 =   D:10 [[}

Annotations:
D:3 Lathuz's ghost, amateur DEFE
D:6 exclusion: 3 wights
D:8 ThereIsNoGod's ghost, novice SpVM
D:10 1 runed door, exclusion: downstairs
Lair:1 exclusion: hydra


Innate Abilities, Weirdness & Mutations

You cannot wear armour.
You are incapable of wielding weapons or throwing items.
Your paws allow you to move quietly. (Stealth)
You have sharp claws.
You have razor-sharp teeth.
You have supernaturally acute eyesight. (SInv)
You are carnivorous and can eat meat at any time.
You cover ground quickly.
You are covered in thick fur. (AC +2)
You have a slow metabolism.
Your sharp claws are effective at attacking unaware monsters.


Message History

You now have 4/18 mp.
The orc warlord looks even sicker.
Your toxic aura wanes.
Casting: Olgreb's Toxic Radiance (safe; 6% risk of failure)
Confirm with . or Enter, or press ? or * to list all spells.
Aiming: Mephitic Cloud (safe; 3% risk of failure)
Press: ? - help, Shift-Dir - straight line, f/p - orc warlord
Aim: an orc warlord, wielding a battleaxe and wearing a runed chain mail (severely wounded, poisoned)
The ball explodes into a vile cloud!
The stinking cloud engulfs the orc warlord.
The orc warlord is severely wounded.
The orc warlord is engulfed in noxious fumes.
You now have 1/18 mp.
The orc warlord is engulfed in noxious fumes.
Casting: Mephitic Cloud (safe; 3% risk of failure)
Confirm with . or Enter, or press ? or * to list all spells.
You don't have enough magic to cast that spell.
The orc warlord hits you with an uncursed battleaxe!!!
Ouch! That really hurt!
You die...

###.# ##
##...####.##
##....#.#...#
#........#.#
##....[.....##
###............##
#......###[)....##
#.....#.###o.....##
#.....####..@.....#
###....###.......##
#....^..#......##
#.............##
###..........##
#........###
##.......##
#........##
#.........##


You could see an orc warlord.

Vanquished Creatures
  An orc warlord (D:9)
  2 two-headed ogres
  An orc high priest (D:9)
  Sonja (Lair:1)
  Pikel (D:6)
  4 orc sorcerers
  A centaur zombie (D:10)
  A spiny frog (Lair:1)
  2 trolls
  5 hippogriffs
  A spriggan (D:7)
  A wyvern (D:10)
  12 yaks
  A basilisk (D:10)
  A warg (D:9)
  26 orc warriors
  A slave (D:6)
  2 ice beasts (D:10)
  A sky beast (D:9)
  11 ogres
  3 centaurs
  A wolf (Lair:1)
  A big kobold (D:9)
  3 crocodiles
  8 bullfrogs
  A gnoll sergeant (D:3)
  A water moccasin zombie (D:10)
  2 scorpions
  14 killer bees
  A wight (D:6)
  An electric eel (D:10)
  4 crimson imps
  A bullfrog zombie (D:5)
  7 hounds
  3 jellies
  A bullfrog skeleton (D:10)
  2 gnoll shamans (D:3)
  13 orc priests
  A centaur skeleton (D:9)
  Jessica (D:2)
  3 iguanas
  18 orc wizards
  12 worker ants
  A killer bee zombie (D:7)
  A hound skeleton (D:5)
  37 gnolls
  9 adders
  2 shadow imps
  An ooze (D:3)
  An adder zombie (D:8)
  2 adder skeletons
  2 worms
  2 dart slugs
  2 leopard geckos
  84 orcs
  11 bats
  21 giant cockroaches
  6 goblins
  9 hobgoblins
  30 jackals
  4 quokkas
  12 frilled lizards
  A jackal zombie (D:5)
  7 kobolds
  A quokka skeleton (D:5)
  6 rats
430 creatures vanquished.

Vanquished Creatures (others)
  2 slaves (D:7)
  An ice beast (D:7)
  A leopard gecko zombie (D:7)
4 creatures vanquished.

Grand Total: 434 creatures vanquished

Notes
Turn   | Place    | Note
-------+----------+-------------------------------------------
     0 | D:1      | Kikal the Felid Venom Mage began the quest for the Orb.
     0 | D:1      | Reached XP level 1. HP: 7/7 MP: 4/4
    70 | D:1      | Reached skill level 1 in Conjurations
   436 | D:1      | Reached XP level 2. HP: 6/11 MP: 3/6
   949 | D:1      | Learned a level 2 spell: Poisonous Vapours
  1606 | D:1      | Reached XP level 3. HP: 13/14 MP: 4/7
  2281 | D:2      | Learned a level 3 spell: Mephitic Cloud
  2365 | D:2      | Found a shattered altar of Ashenzari.
  2418 | D:2      | Noticed Jessica
  2434 | D:2      | Killed Jessica
  2434 | D:2      | Reached XP level 4. HP: 18/18 MP: 0/9
  3089 | D:1      | Reached skill level 1 in Air Magic
  3383 | D:3      | Noticed Lathuz's ghost (amateur DEFE)
  3446 | D:3      | Reached XP level 5. HP: 21/21 MP: 4/10
  4637 | D:3      | Gained mutation: You are covered in thick fur. (AC +2) [Felid growth]
  4637 | D:3      | Reached XP level 6. HP: 24/24 MP: 6/12
  5060 | D:3      | Reached skill level 1 in Unarmed Combat
  5362 | D:3      | Found a glowing golden altar of the Shining One.
  6079 | D:3      | Reached XP level 7. HP: 27/27 MP: 10/13
  6134 | D:3      | Reached skill level 5 in Poison Magic
  6550 | D:3      | Reached skill level 1 in Fighting
  7271 | D:3      | HP: 1/28 [orc wizard/dagger (4)]
  7789 | D:4      | Learned a level 4 spell: Olgreb's Toxic Radiance
  8196 | D:4      | Found a glowing silver altar of Zin.
  8514 | D:5      | Entered Level 5 of the Dungeon
  8782 | D:5      | Reached XP level 8. HP: 9/34 MP: 4/14
  9107 | D:5      | Found an iron altar of Okawaru.
  9289 | D:5      | Found Wyber's Jewellery Shoppe.
  9688 | D:6      | Reached skill level 5 in Unarmed Combat
 10145 | D:6      | Found a basalt altar of Yredelemnul.
 10238 | D:6      | Reached skill level 5 in Dodging
 10388 | D:6      | Found a hazy altar of Hepliaklqana.
 10734 | D:6      | Found a deep blue altar of Sif Muna.
 10735 | D:6      | Found a burning altar of Makhleb.
 10755 | D:6      | Found an ornate altar of the Wu Jian Council.
 11519 | D:7      | Found a bloodstained altar of Trog.
 11561 | D:7      | Reached XP level 9. HP: 34/37 MP: 9/15
 11654 | D:7      | Noticed Pikel
 11679 | D:6      | Killed Pikel
 12067 | D:7      | Found an ancient bone altar of Kikubaaqudgha.
 12494 | D:7      | Found a staircase to the Ecumenical Temple.
 12875 | Temple   | Entered the Ecumenical Temple
 12918 | Temple   | Upgraded the game from 0.22-a0-161-g198051c to 0.22-a0-162-g33bf127
 12922 | Temple   | Became a worshipper of Lugonu the Unformed
 12922 | Temple   | Reached * piety under Lugonu
 12998 | D:8      | Got a slimy ivory ring
 12999 | D:8      | Identified the ring of the Final Decision {rPois rC+ MR+ Int+4 SInv} (You found it on level 8 of the Dungeon)
 13009 | D:8      | Found a sparkling altar of Nemelex Xobeh.
 13206 | D:8      | Reached skill level 5 in Stealth
 13621 | D:8      | Found a sacrificial altar of Ru.
 13873 | D:8      | Reached ** piety under Lugonu
 13873 | D:8      | Reached XP level 10. HP: 43/43 MP: 9/17
 14293 | D:8      | Noticed ThereIsNoGod's ghost (novice SpVM)
 14861 | D:9      | Found a shimmering altar of Xom.
 15481 | D:9      | Found a staircase to the Orcish Mines.
 15836 | D:9      | Reached skill level 5 in Spellcasting
 15953 | D:9      | Reached *** piety under Lugonu
 16040 | D:9      | Noticed a two-headed ogre
 16060 | D:9      | Killed a two-headed ogre
 16060 | D:9      | Reached skill level 1 in Invocations
 16242 | D:9      | Found a snail-covered altar of Cheibriados.
 16493 | D:10     | Entered Level 10 of the Dungeon
 16525 | D:10     | Found a staircase to the Lair.
 16599 | D:10     | Reached skill level 10 in Unarmed Combat
 16810 | D:10     | Found a hazy altar of Hepliaklqana.
 16864 | D:10     | HP: 2/43 [centaur warrior zombie (6)]
 17069 | D:10     | Noticed a two-headed ogre
 17107 | D:10     | Killed a two-headed ogre
 17107 | D:10     | Reached XP level 11. HP: 41/46 MP: 7/19
 17412 | D:10     | Reached **** piety under Lugonu
 17420 | D:10     | Reached skill level 5 in Fighting
 17715 | D:10     | Found Zeiry's Antique Armour Shoppe.
 18053 | D:10     | Found Cidiadot's Armour Emporium.
 18128 | D:10     | Killed from afar by an electric eel
 18129 | D:10     | Reached XP level 10. HP: -5/44 MP: 12/18
 18323 | D:10     | Found Emynnuli's Gadget Shop.
 18351 | D:10     | Found a runed door.
 18351 | D:10     | Noticed a flayed ghost
 18351 | D:10     | Noticed a yaktaur captain
 18351 | D:10     | Noticed an ogre mage
 18353 | D:10     | Noticed a yaktaur captain
 18353 | D:10     | Noticed a deep troll
 18353 | D:10     | Noticed an ice dragon
 18353 | D:10     | Noticed an orc warlord
 18354 | D:10     | Found the +9 sword of Zonguldrok {reap}
 18495 | Lair:1   | Entered Level 1 of the Lair of Beasts
 18495 | Lair:1   | Noticed a spiny frog
 18496 | Lair:1   | Killed a spiny frog
 18496 | Lair:1   | Reached skill level 5 in Invocations
 18724 | Lair:1   | Noticed Sonja
 18731 | Lair:1   | Killed Sonja
 18823 | Lair:1   | Noticed a four-headed hydra
 18843 | Lair:1   | Learned a level 4 spell: Sticky Flame
 18990 | Lair:1   | Noticed a five-headed hydra
 19134 | Orc:1    | Entered Level 1 of the Orcish Mines
 19144 | Orc:1    | Reached skill level 10 in Stealth
 19144 | Orc:1    | Reached skill level 1 in Fire Magic
 19724 | Orc:1    | Reached XP level 11. HP: 3/48 MP: 4/19
 20048 | Orc:1    | Noticed an orc high priest
 20053 | Orc:1    | Noticed an orc sorcerer
 20070 | D:9      | Killed an orc high priest
 20220 | Orc:1    | Killed an orc sorcerer
 20228 | Orc:1    | Noticed an orc warlord
 20350 | D:9      | HP: 2/48 [troll[an orc warlord] (10)]
 20668 | D:9      | Killed an orc warlord
 20668 | D:9      | Reached skill level 5 in Conjurations
 20696 | Orc:1    | Noticed an orc sorcerer
 20708 | Orc:1    | Killed an orc sorcerer
 21185 | Orc:1    | Upgraded the game from 0.22-a0-162-g33bf127 to 0.22-a0-181-gb22368a
 21248 | Orc:1    | Found a roughly hewn altar of Beogh.
 21254 | Orc:1    | Reached ***** piety under Lugonu
 21719 | Orc:2    | Entered Level 2 of the Orcish Mines
 21905 | Orc:2    | Noticed an orc sorcerer
 22025 | Orc:2    | Killed an orc sorcerer
 22173 | Orc:2    | Noticed an orc warlord
 22269 | Orc:2    | Noticed an orc sorcerer
 22371 | Orc:2    | Shot with a bolt by an orc warlord
 22372 | Orc:2    | Reached XP level 10. HP: -26/44 MP: 6/18
 22402 | Orc:2    | Killed an orc sorcerer
 22433 | Orc:2    | Demolished by an orc warlord

Vault maps used:
D:1:      lemuel_arrival_hallway, minmay_misc_feat_tiny, minmay_crystal_water,
          roderic_cross_of_infinity, minivault_14, minmay_misc_feat_encased,
          st_stairs_3, minmay_misc_feat_room
D:2:      minmay_roachtagon, ashenzari_altar_1, uniq_jessica
D:3:      lemuel_castle_with_subvaults, lemuel_doored_altar
D:4:      zin_scriptorium, first_ration
D:5:      okawaru_ov_weapons_minmay, serial_shops, shop
D:6:      nicolae_overflow_crystal_walls, yredelemnul_altar_generic,
          lemuel_crystal_altar, gammafunk_temple_overflow_statue
D:7:      nicolae_overflow_hidden_temple, kiku_gazebo_pond_becter,
          minmay_temple_entry_nine_rooms, nicolae_ossuary_entry_ruins,
          the_bakery, uniq_pikel
D:8:      nicolae_ru_sacrificial_ziggurat, lemuel_crystal_altar
D:9:      overflow_temple_1_default, slow_altar_2, hiddenorc2_lemuel
D:10:     minmay_gate_of_8, david_lair_generic, serial_shops,
          nicolae_shop_trees, shop, kennysheep_mini, serial_bayou,
          serial_bayou_pond_d, serial_bayou_shore_b, serial_bayou_shore_a,
          serial_bayou_shore_b, basic_altar
Temple:   corrupted_temple
Lair:1:   nicolae_volcano_entry_lava_flow, uniq_sonja, uniq_nergalle, uniq_erica
Orc:1:    nicolae_orc_accident_2
Orc:2:    kennysheep_orc_mage_school

Skill      XL: |  1  2  3  4  5  6  7  8  9 10 11 |
---------------+----------------------------------+-----
Conjurations   | 1 2 3 4 5 |  5.9
Poison Magic   | 3 4 5 6 |  6.5
Spellcasting   | 3 4 5 |  5.0
Air Magic      | 1 2 3 |  3.5
Unarmed Combat | 2 4 6 8 10 | 10.0
Fighting       | 3 4 5 |  5.3
Dodging        | 5 8 |  8.9
Stealth        | 5 10 9 | 10.0
Invocations    | 5 6 |  6.7
Fire Magic     | 1 4 |  4.3

Action                   |  1- 3 |  4- 6 |  7- 9 | 10-12 || total
-------------------------+-------+-------+-------+-------++-------
Melee: Unarmed           |    66 |   102 |   353 |   366 ||   887
       Bite              |     4 |    11 |    21 |    35 ||    71
       Punch             |       |       |     8 |    16 ||    24
 Cast: Sting             |    48 |    73 |    49 |    32 ||   202
       Poisonous Vapours |     2 |    61 |   100 |    68 ||   231
       Mephitic Cloud    |       |     5 |     7 |    10 ||    22
       Olgreb's Toxic Ra |       |       |     7 |    68 ||    75
       Sticky Flame      |       |       |       |     2 ||     2
Invok: Bend Space        |       |       |       |     1 ||     1
Evoke: Wand              |       |       |       |     6 ||     6
  Use: Scroll            |       |       |       |     9 ||     9
       Potion            |       |       |       |     2 ||     2
 Stab: Sleeping          |     9 |     1 |     5 |    13 ||    28
       Distracted        |       |       |     1 |     1 ||     2
       Confused          |       |       |     1 |     5 ||     6
       Paralysed         |       |       |       |     2 ||     2
  Eat: Chunk             |    11 |    10 |    20 |    32 ||    73
Armor: Skin              |    11 |     9 |    13 |     6 ||    39
Dodge: Dodged            |   110 |   118 |   289 |   339 ||   856

Table legend:
 A = Spawn XP
 B = Non-spawn XP
 C = Spawn XP percentage of total XP
 D = Spawn monster count
 E = Non-spawn monster count
 F = Spawn count percentage of total count
 G = Total turns spent on level
                    A         B        C        D         E        F      G
               +---------+---------+-------+---------+---------+-------+---------
         Total |       0 |   25424 |   0.0 |       0 |     429 |   0.0 | 22433
               +---------+---------+-------+---------+---------+-------+---------
           D:1 |       0 |      62 |   0.0 |       0 |      30 |   0.0 |  2504
           D:2 |       0 |     203 |   0.0 |       0 |      34 |   0.0 |  1862
           D:3 |       0 |     795 |   0.0 |       0 |      76 |   0.0 |  3303
           D:4 |       0 |     167 |   0.0 |       0 |      19 |   0.0 |   845
           D:5 |       0 |     478 |   0.0 |       0 |      11 |   0.0 |  1140
           D:6 |       0 |    1588 |   0.0 |       0 |      27 |   0.0 |  1948
           D:7 |       0 |     835 |   0.0 |       0 |      13 |   0.0 |  1555
           D:8 |       0 |    1603 |   0.0 |       0 |      31 |   0.0 |  1605
           D:9 |       0 |    6886 |   0.0 |       0 |      68 |   0.0 |  3460
          D:10 |       0 |    5541 |   0.0 |       0 |      47 |   0.0 |  2223
        Lair:1 |       0 |    1752 |   0.0 |       0 |       6 |   0.0 |   321
         Orc:1 |       0 |    3275 |   0.0 |       0 |      42 |   0.0 |  1162
         Orc:2 |       0 |    2239 |   0.0 |       0 |      25 |   0.0 |   443
               +---------+---------+-------+---------+---------+-------+---------
